 Dungeon Crawl Stone Soup version 0.28-a0-1184-g53156a8862 (webtiles) character file.

Game seed: 17889073131220786242

3574 septik the Severer (level 9, -4/105 HPs)
             Began as a Minotaur Berserker on Dec 17, 2021.
             Was a Priest of Trog.
             Slain by a green ugly thing (11 damage)
             ... on level 7 of the Dungeon.
             The game lasted 00:10:02 (9060 turns).

septik the Severer (Minotaur Berserker)             Turns: 9060, Time: 00:10:03

Health: -4/105     AC:  8    Str: 25    XL:     9   Next: 84%
Magic:  8/8        EV: 10    Int:  4    God:    Trog [***...]
Gold:   411        SH:  0    Dex: 11    Spells: 8/8 levels left

rFire   . . .      SeeInvis .   v - +0 broad axe
rCold   . . .      Faith    .   (no shield)
rNeg    . . .      Spirit   .   r - +0 scale mail
rPois   .          Reflect  .   (helmet restricted)
rElec   .          Harm     .   (no cloak)
rCorr   .          Rampage  .   i - +0 pair of gloves
Will    .....                   l - +0 pair of boots
Stlth   ..........              (no amulet)
HPRegen 0.27/turn               (no ring)
MPRegen 0.11/turn               (no ring)

@: berserking (expiring), lethally poisoned (-4 -> -20), very quick
A: horns 2, retaliatory headbutt
a: Renounce Religion, Berserk, Trog's Hand


You were on level 7 of the Dungeon.
You worshipped Trog.
Trog was most pleased with you.
You visited 1 branch of the dungeon, and saw 7 of its levels.

You collected 411 gold pieces.

Inventory:

Hand Weapons
 a - a +0 war axe
 v - a +0 broad axe (weapon)
Missiles
 f - 266 stones (quivered)
 z - 6 atropa-tipped darts
Armour
 b - a +0 animal skin
 i - a +0 pair of gloves (worn)
 l - a +0 pair of boots (worn)
 r - a +0 scale mail (worn)
Jewellery
 p - a ring of fire
Wands
 m - a wand of digging (2)
 y - a wand of charming (6)
Scrolls
 e - 10 scrolls of identify {unknown}
 g - a scroll of enchant armour {unknown}
 k - a scroll of enchant weapon {unknown}
 o - a scroll of amnesia {unknown}
 q - 3 scrolls of immolation {unknown}
 x - a scroll of vulnerability {unknown}
Potions
 c - 2 potions of curing
 d - a potion of attraction {unknown}
 h - 4 potions of mutation {unknown}
 j - 3 potions of heal wounds {unknown}
 n - a potion of invisibility {unknown}
 s - 2 potions of lignification {unknown}
 t - a potion of berserk rage {unknown}
 u - 2 potions of brilliance {unknown}
 w - a potion of cancellation {unknown}


   Skills:
 - Level 3.6 Fighting
 + Level 16.7 Axes
 - Level 2.4 Armour
 - Level 2.1 Dodging


You had 8 spell levels left.
You didn't know any spells.
Your spell library was empty.

Dungeon Overview and Level Annotations

Branches:
Dungeon (7/15)             Temple (0/1) D:4

Altars:
Cheibriados
Dithmenos
Elyvilon
Fedhas
Okawaru
Sif Muna
Trog
Yredelemnul

Shops:
D:7 :(


Innate Abilities, Weirdness & Mutations

You have a pair of horns on your head.
You reflexively headbutt those who attack you in melee.


Message History

You hit the green ugly thing.
The green ugly thing is lightly wounded.
* * * LOW HITPOINT WARNING * * *
You feel very sick.
You closely miss the green ugly thing.
The green ugly thing is lightly wounded.
* * * LOW HITPOINT WARNING * * *
You feel very sick.
The green ugly thing bites you but does no damage.
You slash the green ugly thing!
The green ugly thing is moderately wounded.
* * * LOW HITPOINT WARNING * * *
You feel very sick.
You barely miss the green ugly thing.
Your headbutt misses the green ugly thing.
The green ugly thing is moderately wounded.
* * * LOW HITPOINT WARNING * * *
You feel very sick.
The green ugly thing completely misses you.
You closely miss the green ugly thing.
The green ugly thing is moderately wounded.
* * * LOW HITPOINT WARNING * * *
You feel very sick.
You slash the green ugly thing!
The green ugly thing is heavily wounded.
* * * LOW HITPOINT WARNING * * *
You feel very sick.
The green ugly thing bites you but does no damage.
You are too berserk!
Unknown command.
You are too berserk!
You closely miss the green ugly thing.
The green ugly thing is heavily wounded.
* * * LOW HITPOINT WARNING * * *
You feel sick.
You closely miss the green ugly thing. You headbutt the green ugly thing!
The green ugly thing is severely wounded.
* * * LOW HITPOINT WARNING * * *
You feel sick. The green ugly thing bites you!
You die...

#############
#.#.........##############
#)#.#######.##..#.....#...
#.#.').[#.#.##..'.....#...
#.#.#...#u#.##..#.....#[..
#.#.#####@#.##..#.....'...
#...#...#...######....##..
#.###.#.######.###....####
#.....#.........#.......>.
###.#.#.######..#.........
#.#.#.#.....##..#.........
#.#.#.###.#.######...###..
#.#.#.. #.#.######...####'
#.#.#####.####.#.....#....


You could see a green ugly thing.

Vanquished Creatures
  An unseen horror (D:7)
  A komodo dragon (D:7)
  Grinder (D:3)
  Sigmund (D:5)
  Eustachio (D:5)
  2 wyverns (D:7)
  A steam dragon (D:7)
  Menkaure (D:5)
  2 water moccasins
  3 orc warriors
  A sky beast (D:6)
  A black bear (D:4)
  An ice beast (D:7)
  A necrophage (D:5)
  An ogre (D:5)
  2 centaurs (D:7)
  A kobold brigand (D:7)
  A scorpion (D:5)
  A water moccasin skeleton (D:6)
  A centaur zombie (D:5)
  A jelly (D:6)
  3 orc priests
  A centaur skeleton (D:4)
  A gnoll shaman (D:4)
  A bullfrog skeleton (D:4)
  3 iguanas
  Ijyb (D:3)
  4 orc wizards
  2 hound skeletons
  Robin (D:2)
  A howler monkey skeleton (D:5)
  4 gnolls (D:4)
  8 adders
  3 white imps
  2 worms
  An adder zombie (D:5)
  5 dart slugs
  19 orcs
  4 bats
  9 endoplasms
  24 goblins
  11 hobgoblins
  2 jackals (D:1)
  3 quokkas
  8 ball pythons
  3 frilled lizards
  A jackal skeleton (D:4)
  15 kobolds
  3 rats
169 creatures vanquished.

Notes
Turn   | Place    | Note
-------+----------+-------------------------------------------
     0 | D:1      | septik the Minotaur Berserker began the quest for the Orb.
     0 | D:1      | Reached XP level 1. HP: 19/19 MP: 0/0
    59 | D:1      | Reached skill level 4 in Axes
   312 | D:1      | Reached XP level 2. HP: 24/26 MP: 1/1
   910 | D:1      | Reached skill level 5 in Axes
  1233 | D:2      | Reached XP level 3. HP: 31/31 MP: 2/2
  1250 | D:2      | Reached ** piety under Trog
  1257 | D:2      | Noticed Robin
  1268 | D:2      | Killed Robin
  1616 | D:2      | Reached skill level 6 in Axes
  1616 | D:2      | Reached XP level 4. HP: 36/39 MP: 3/3
  2651 | D:3      | Noticed Ijyb
  2651 | D:3      | Noticed a water moccasin
  2656 | D:3      | Killed a water moccasin
  2657 | D:3      | Reached skill level 7 in Axes
  2657 | D:3      | Reached XP level 5. HP: 45/45 MP: 4/4
  2658 | D:3      | Killed Ijyb
  2849 | D:3      | Reached skill level 8 in Axes
  2850 | D:3      | Reached XP level 6. HP: 51/51 MP: 5/5
  2908 | D:3      | Found a shimmering blue altar of Sif Muna.
  3424 | D:3      | Found a snail-covered altar of Cheibriados.
  3451 | D:3      | Noticed Grinder
  3480 | D:3      | Killed Grinder
  3481 | D:3      | Reached skill level 9 in Axes
  3814 | D:3      | Found a bloodstained altar of Trog.
  4030 | D:4      | Reached XP level 7. HP: 54/57 MP: 6/6
  4094 | D:4      | Found a staircase to the Ecumenical Temple.
  4104 | D:4      | Reached skill level 10 in Axes
  4879 | D:5      | Entered Level 5 of the Dungeon
  4890 | D:5      | Reached skill level 11 in Axes
  4897 | D:5      | Reached *** piety under Trog
  4956 | D:5      | Noticed Menkaure
  4965 | D:5      | Killed Menkaure
  4966 | D:5      | Reached XP level 8. HP: 57/64 MP: 7/7
  5100 | D:5      | Noticed Eustachio
  5111 | D:5      | Killed Eustachio
  5112 | D:5      | Reached skill level 12 in Axes
  5687 | D:5      | Reached skill level 13 in Axes
  5819 | D:5      | Found a shadowy altar of Dithmenos.
  5843 | D:5      | Noticed Sigmund
  5849 | D:5      | Killed Sigmund
  6203 | D:6      | Found an iron altar of Okawaru.
  6253 | D:6      | Found a blossoming altar of Fedhas.
  6317 | D:6      | Found a white marble altar of Elyvilon.
  6466 | D:6      | Reached skill level 14 in Axes
  6583 | D:6      | Reached XP level 9. HP: 70/70 MP: 8/8
  7015 | D:7      | Reached skill level 15 in Axes
  7569 | D:7      | Found Lomope's Antique Weapon Shoppe.
  7575 | D:7      | Found Coniocy's Book Emporium.
  7980 | D:7      | Found a basalt altar of Yredelemnul.
  8014 | D:7      | Reached skill level 16 in Axes
  8326 | D:7      | Noticed a komodo dragon
  8336 | D:7      | Killed a komodo dragon
  8657 | D:7      | HP: 3/70 [something (9)]
  8660 | D:7      | Killed an unseen horror
  9047 | D:7      | Noticed a green ugly thing
  9060 | D:7      | Slain by a green ugly thing

Illustrated notes

Levels and vault maps discovered:
D:1:      minmay_arrival_stone_box, layout_basic
D:2:      layout_basic, patterned_corridor, uniq_robin
D:3:      layout_loops_corners, trog_hazing_becter,
          nicolae_sif_muna_condensation, marbit_many_paths, uniq_ijyb,
          uniq_grinder
D:4:      layout_cave_pools, minmay_temple_entry_waves
D:5:      layout_loops_ring, lemuel_doored_altar, uniq_menkaure, uniq_eustachio,
          uniq_sigmund
D:6:      layout_rooms, fedhas_ov_isle_minmay, lemuel_round_altar,
          okawaru_ov_weapons_minmay, lightli_minifort
D:7:      layout_gridville, old_standard_altar, serial_shops, shop_fountains,
          kennysheep_mini, wad_mini_maze

Skill      XL: |  1  2  3  4  5  6  7  8  9 |
---------------+----------------------------+-----
Axes           | 4 5 6 7 8 9 11 14 16 | 16.7
Fighting       | |  3.6
Armour         | |  2.4
Dodging        | |  2.1

Action                   |  1- 3 |  4- 6 |  7- 9 || total
-------------------------+-------+-------+-------++-------
Melee: Hand axe          |    67 |    42 |       ||   109
       Headbutt          |     8 |    10 |    39 ||    57
       War axe           |       |    44 |   187 ||   231
       Broad axe         |       |       |    27 ||    27
Throw: Stone             |       |       |     2 ||     2
Invok: Berserk           |     1 |     3 |    11 ||    15
       Trog's Hand       |       |     1 |     3 ||     4
  Use: Potion            |       |       |     1 ||     1
 Stab: Sleeping          |     1 |     1 |     2 ||     4
Armor: Animal skin       |     7 |    19 |    12 ||    38
       Scale mail        |       |       |    65 ||    65
Dodge: Dodged            |    37 |    48 |    96 ||   181

Table legend: (Time is in decaauts)
 A = Elapsed time spent in this place.
 B = Non-inter-level travel time spent in this place.
 C = Inter-level travel time spent in this place.
 D = Time resting spent in this place.
 E = Time spent auto-exploring this place.
 F = Levels seen in this place.
 G = Mean time per level.
                   A        B        C        D        E       F      G
               +--------+--------+--------+--------+--------+-----+--------+
         Total |   9166 |   9003 |    163 |   1174 |   6679 |   7 | 1309.4 |
       Dungeon |   9166 |   9003 |    163 |   1174 |   6679 |   7 | 1309.4 |
               +--------+--------+--------+--------+--------+-----+--------+

Top non-repeatable levels by time:
     D:7: 2107 daAuts
     D:3: 1555 daAuts
     D:2: 1363 daAuts
     D:5: 1337 daAuts
     D:1: 1163 daAuts
     D:4: 861 daAuts
     D:6: 777 daAuts
